 Dungeon Crawl Stone Soup version 0.14.0-12-g87ee3b7 (console) character file.

47894 Saihtam the Geomancer (level 14, -5/71 HPs)
             Began as a Gargoyle Earth Elementalist on Apr 16, 2014.
             Was the Champion of Sif Muna.
             Slain by a naga
             ... wielding a +1,+1 flail of protection
              (14 damage)
             ... on Level 3 of the Snake Pit on Apr 17, 2014.
             The game lasted 04:36:26 (25906 turns).

Saihtam the Geomancer (GrEE)                       Turns: 25906, Time: 04:36:26

HP  -5/71        AC 20     Str 14      XL: 14   Next: 38%
MP  13/49        EV 13     Int 19      God: Sif Muna [******]
Gold 1168        SH  0     Dex 10      Spells: 10 memorised,  2 levels left

rFire  + . .     SeeInvis .     u - staff of power
rCold  + . .     Clarity  .     l - +1 ring mail {rF+}
rNeg   + . .     Conserve .     (no shield)
rPois  +         rCorr    .     (no helmet)
rElec  +         rRot     +     S - +1 cloak
SustAb . .       Spirit   .     (no gloves)
rMut   .         Warding  .     X - +1 pair of boots
Gourm  +         Stasis   .     i - amulet of the gourmand
MR     +....                    W - ring of protection from cold
                                n - +4 ring of evasion

@: slowed, constricted, very slow, somewhat resistant to hostile enchantments,
fairly stealthy
A: able to fly continuously, large and strong wings, life protection 1,
electricity resistance, unbreathing, petrification resistance, AC +9
a: Fly, Channel Energy, Forget Spell, Renounce Religion


You were on level 3 of the Snake Pit.
You worshipped Sif Muna.
Sif Muna was exalted by your worship.
You were very full.

You visited 4 branches of the dungeon, and saw 20 of its levels.
You also visited: Ossuary and Volcano.

You collected 1168 gold pieces.

Inventory:

Armour
 l - a +1 ring mail of fire resistance (worn)
 S - a +1 cloak (worn)
 X - a +1 pair of boots (worn)
Magical devices
 b - a wand of hasting (9)
 c - a wand of slowing (24)
 v - a wand of fireball (9)
 F - a wand of frost (6) {unknown}
 Y - a wand of cold (15)
 Z - a wand of draining (5)
Comestibles
 a - 5 bread rations
 j - 8 strawberries
 z - 3 chokos
 G - 2 sausages
 R - 7 beef jerkies
Scrolls
 k - a scroll of enchant weapon II
 q - a scroll of silence
 s - 3 scrolls of amnesia
 B - 6 scrolls of remove curse
 D - 5 scrolls of blinking
 H - a scroll of magic mapping
 O - 7 scrolls of teleportation
 Q - 2 scrolls of vulnerability
 T - 4 scrolls of fear
Jewellery
 i - an amulet of the gourmand (around neck)
 n - a +4 ring of evasion (left hand)
 w - an uncursed ring of sustenance
 E - an uncursed ring of see invisible
 P - an uncursed amulet of stasis
 W - a ring of protection from cold (right hand)
Potions
 g - 5 potions of brilliance
 m - 6 potions of restore abilities
 o - 3 potions of curing
 x - 4 potions of invisibility
 y - a potion of agility
 C - 2 potions of resistance {unknown}
 L - 2 potions of mutation {unknown}
 M - 3 potions of might {unknown}
 N - 2 potions of degeneration {unknown}
 V - 3 potions of berserk rage
Books
 d - a book of Geomancy

   Spells                             Type                      Level
   *Sandblast                         Earth                        1
   *Stoneskin                         Transmutation/Earth          2
   *Passwall                          Transmutation/Earth          3
   *Stone Arrow                       Conjuration/Earth            3
   *Petrify                           Transmutation/Earth          4
   *Lee's Rapid Deconstruction        Earth                        5
 h - a book of Enchantments

   Spells                             Type                      Level
   *Cause Fear                        Hexes                        4
   Silence                            Hexes/Air                    5
   Tukima's Dance                     Hexes                        5
   Deflect Missiles                   Charms/Air                   6
   Haste                              Charms                       6
   Discord                            Hexes                        8
 p - a book of Air

   Spells                             Type                      Level
   Shock                              Conjuration/Air              1
   *Swiftness                         Charms/Air                   2
   Repel Missiles                     Charms/Air                   2
   Flight                             Charms/Air                   3
   Static Discharge                   Conjuration/Air              3
   Lightning Bolt                     Conjuration/Air              5
 r - Sif Muna's Tome of Moulding and Earth
   (Sif Muna gifted it to you on level 5 of the Lair of Beasts)

   Spells                             Type                      Level
   Beastly Appendage                  Transmutation                1
   Sticks to Snakes                   Transmutation                2
   *Leda's Liquefaction               Hexes/Earth                  4
   Statue Form                        Transmutation/Earth          6
   Dragon Form                        Transmutation                7
 A - a book of Ice

   Spells                             Type                      Level
   Freezing Aura                      Charms/Ice                   2
   Metabolic Englaciation             Hexes/Ice                    5
   Ozocubu's Refrigeration            Ice                          6
   Bolt of Cold                       Conjuration/Ice              6
   Freezing Cloud                     Conjuration/Ice/Air          6
   Simulacrum                         Ice/Necromancy               6
 I - Sif Muna's Grimoire of Stones
   (Sif Muna gifted it to you on level 2 of the Snake Pit)

   Spells                             Type                      Level
   *Sandblast                         Earth                        1
   *Stoneskin                         Transmutation/Earth          2
   Bolt of Magma                      Conjuration/Fire/Earth       5
   Lehudib's Crystal Spear            Conjuration/Earth            8
 J - a book of Summonings

   Spells                             Type                      Level
   Abjuration                         Summoning                    3
   Recall                             Summoning/Translocation      3
   Summon Elemental                   Summoning                    4
   Shadow Creatures                   Summoning                    5
   Summon Demon                       Summoning                    5
   Monstrous Menagerie                Summoning                    6
 U - a book of Maledictions

   Spells                             Type                      Level
   Corona                             Hexes                        1
   Sure Blade                         Hexes/Charms                 2
   Ensorcelled Hibernation            Hexes/Ice                    2
   *Confuse                           Hexes                        3
   Enslavement                        Hexes                        4
   Invisibility                       Hexes                        6
Magical staves
 t - an uncursed staff of air
 u - an uncursed staff of power (weapon)
Miscellaneous
 f - a fan of gales
Rods
 e - a +3 rod of ignition (13/13)
   (You acquired it on level 9 of the Dungeon)


   Skills:
 + Level 1.9 Fighting
 + Level 3.7 Staves
 * Level 4.3 Armour
 - Level 3.6 Dodging
 - Level 5.1 Stealth
 - Level 0.2 Unarmed Combat
 + Level 10.4 Spellcasting
 * Level 9.3 Conjurations
 * Level 5.5 Hexes
 * Level 5.6 Charms
 * Level 6.4 Transmutations
 + Level 13.2 Earth Magic
 * Level 7.0 Invocations
 + Level 3.4 Evocations


You had 2 spell levels left.
You knew the following spells:

 Your Spells              Type           Power        Failure   Level  Hunger
a - Sandblast             Erth           ######       1%          1    None
b - Stoneskin             Trmt/Erth      #####.....   1%          2    None
c - Stone Arrow           Conj/Erth      ######       1%          3    None
d - Petrify               Trmt/Erth      #####...     1%          4    ##.....
e - Lee's Rapid Deconstr  Erth           ######....   1%          5    ####...
f - Passwall              Trmt/Erth      #####.....   1%          3    None
g - Confuse               Hex            ####....     2%          3    None
h - Swiftness             Chrm/Air       ###.....     6%          2    None
i - Cause Fear            Hex            ####......   12%         4    ##.....
j - Leda's Liquefaction   Hex/Erth       #####.....   1%          4    ##.....


Dungeon Overview and Level Annotations

Branches:
Dungeon (11/15)            Temple (1/1) D:7            Lair (5/8) D:11
  Snake (3/5) Lair:5
    Orc: D:9-12       Swamp: Lair:3-6    Shoals: Lair:3-6    Spider: Lair:3-6

Altars:
Cheibriados
Dithmenos
Elyvilon
Fedhas
Kikubaaqudgha
Makhleb
Nemelex Xobeh
Sif Muna
Trog
Xom
Yredelemnul
The Shining One

Shops:
D:7 (   Snake:2 ?


Innate Abilities, Weirdness & Mutations

You are resistant to torment.
You are immune to poison.
You are immune to rotting.
You can fly continuously.
Your stone body is very resilient (AC +9).
Your wings are large and strong.
You resist negative energy.
You are resistant to electric shocks.
You can survive without breathing.
You are immune to petrification.


Message History

Press: ? - help, Shift-Dir - straight line, f/p - naga warrior
Aim: a naga warrior, wielding a whip of freezing and wearing a large shield (moderately wounded)
The naga warrior blocks the stone arrow.
The naga spits poison at you. The splash of poison hits you! You resist.
The naga constricts you. The naga warrior spits poison at you.
The splash of poison hits you! You resist. The naga closely misses you.
The naga constricts you.
Casting: Stone Arrow
Confirm with . or Enter, or press ? or * to list all spells.
Aiming: Stone Arrow
Press: ? - help, Shift-Dir - straight line, f - naga, p - naga warrior
Aim: a naga, wielding a runed flail (constricting you)
The stone arrow hits the naga.
The naga is heavily wounded.
The naga warrior hits you with a whip of freezing!
* * * LOW HITPOINT WARNING * * *
The naga warrior freezes you.
* * * LOW HITPOINT WARNING * * *
The naga hits you with a runed flail!
You die...

.....)........
..[...............
...................
..................#
...................###
#...............#
###.............##
#..............##
##..).....%....#.#
#.......N.......#
#..###..@N......##
NS.### ##........##
S.N.# ###.....## ...##
#........# .
#..........#
#............#
.S....##......#
.....####?.... ...#
#...


You could see a naga warrior and a naga.

Vanquished Creatures
  An anaconda (Snake:1)
  A naga warrior (Snake:2)
  4 naga sharpshooters (Snake:1)
  A shock serpent (Snake:2)
  2 hill giants
  A naga ritualist (Snake:1)
  A mana viper (Snake:1)
  5 black mambas
  A griffon (Lair:3)
  2 guardian serpents
  6 elephants
  6 spiny frogs
  An item mimic (D:10)
  4 naga magi
  5 fire drakes
  A hydra zombie (D:9)
  Grinder (D:3)
  4 komodo dragons
  A polar bear (Lair:4)
  The ghost of timbw the Slasher, an experienced VSGl of Ashenzari (D:7)
  10 blink frogs
  2 two-headed ogres (Volcano)
  2 hogs (Volcano)
  4 hippogriffs
  A deep elf fighter (Volcano)
  2 hungry ghosts
  11 yaks
  Edmund (D:8)
  7 porcupines
  11 water moccasins
  An ice beast (D:8)
  3 sky beasts
  6 orc warriors
  A black bear (D:7)
  13 nagas
  2 centaurs
  4 crocodiles
  9 ogres
  2 giant slugs
  A big kobold (D:8)
  A gnoll sergeant (D:6)
  Blork the orc (D:5)
  15 giant frogs
  A water moccasin skeleton (D:8)
  A scorpion (D:5)
  2 killer bees (D:7)
  7 wights
  3 crimson imps
  13 hounds
  2 jellies
  A black bear zombie (D:6)
  6 goliath beetles
  Crazy Yiuf (D:7)
  8 orc priests
  10 orc wizards
  A giant frog skeleton (D:7)
  8 iguanas
  6 worker ants
  Ijyb (D:2)
  A big kobold zombie (D:10)
  A big kobold skeleton (D:5)
  3 mummies (Ossuary)
  10 gnolls
  19 adders
  28 green rats
  A worm zombie (D:7)
  4 shadow imps
  2 giant mites
  5 worms
  An adder zombie (D:6)
  2 adder skeletons
  2 giant eyeballs
  9 giant geckos
  2 oozes
  36 orcs
  2 ball pythons
  17 bats
  A bat skeleton (D:6)
  14 giant cockroaches
  A giant mite zombie (D:6)
  12 hobgoblins
  27 jackals
  41 kobolds
  11 quokkas
  9 giant newts
  A giant spore (D:7)
  A gnoll zombie (D:8)
  10 goblins
  3 goblin zombies (Ossuary)
  A kobold zombie (Ossuary)
  An orc skeleton (D:4)
  5 orc zombies
  24 rats
  2 ballistomycetes (D:7)
  2 fungi
541 creatures vanquished.

Vanquished Creatures (others)
  A two-headed ogre (Volcano)
1 creature vanquished.

Grand Total: 542 creatures vanquished

Notes
Turn   | Place    | Note
--------------------------------------------------------------
     0 | D:1      | Saihtam, the Gargoyle Earth Elementalist, began the quest for the Orb.
     0 | D:1      | Reached XP level 1. HP: 10/10 MP: 3/3
   292 | D:1      | Reached XP level 2. HP: 15/15 MP: 2/4
   871 | D:1      | Reached skill level 4 in Earth Magic
   881 | D:1      | Learned a level 2 spell: Stoneskin
  1054 | D:1      | Reached XP level 3. HP: 17/19 MP: 2/6
  1451 | D:2      | Noticed Ijyb
  1487 | D:2      | Killed Ijyb
  1572 | D:2      | Found a basalt altar of Yredelemnul.
  1679 | D:2      | Reached skill level 1 in Transmutations
  1679 | D:2      | Reached XP level 4. HP: 20/24 MP: 4/8
  1690 | D:2      | Learned a level 3 spell: Stone Arrow
  2519 | D:3      | Noticed a giant frog
  2520 | D:3      | Noticed Grinder
  2522 | D:3      | Paralysed by Grinder for 2 turns
  2529 | D:2      | Killed a giant frog
  2529 | D:2      | Reached skill level 5 in Earth Magic
  2529 | D:2      | Reached XP level 5. HP: 21/28 MP: 7/11
  2991 | D:3      | Reached XP level 6. HP: 29/32 MP: 3/13
  3236 | D:3      | Reached skill level 6 in Earth Magic
  3578 | D:3      | Killed Grinder
  3578 | D:3      | Reached skill level 1 in Conjurations
  3578 | D:3      | Reached skill level 7 in Earth Magic
  3578 | D:3      | Reached XP level 7. HP: 20/36 MP: 4/17
  3584 | D:3      | Learned a level 4 spell: Petrify
  4038 | D:4      | Found a sand-covered staircase.
  4046 | Ossuary  | Entered an ossuary
  4630 | D:4      | Learned a level 5 spell: Lee's Rapid Deconstruction
  4910 | D:4      | Reached skill level 5 in Spellcasting
  5037 | D:5      | Entered Level 5 of the Dungeon
  5043 | D:5      | Noticed Blork the orc
  5219 | D:5      | Killed Blork the orc
  5219 | D:5      | Reached XP level 8. HP: 25/41 MP: 6/20
  5527 | D:5      | Found a shimmering altar of Xom.
  6253 | D:6      | Reached skill level 8 in Earth Magic
  6382 | D:6      | Learned a level 3 spell: Passwall
  6999 | D:6      | Reached XP level 9. HP: 45/45 MP: 4/23
  7261 | D:6      | Reached skill level 9 in Earth Magic
  7723 | D:6      | Paralysed by a giant eyeball for 3 turns
  8189 | D:7      | Noticed timbw's ghost (experienced VSGl)
  8505 | D:7      | Learned a level 3 spell: Confuse
  8734 | D:7      | Killed timbw's ghost
  9066 | D:7      | Reached skill level 1 in Staves
  9066 | D:7      | Reached skill level 1 in Hexes
  9192 | D:7      | Noticed a hill giant
  9196 | D:7      | Found Lyajyn's Weapon Boutique.
  9435 | D:7      | Killed a hill giant
  9435 | D:7      | Reached skill level 1 in Evocations
  9813 | D:7      | Found a staircase to the Ecumenical Temple.
  9824 | Temple   | Entered the Ecumenical Temple
  9843 | Temple   | Became a worshipper of Sif Muna the Loreminder
 10145 | D:7      | Noticed Crazy Yiuf
 10153 | D:7      | Killed Crazy Yiuf
 10288 | D:8      | Noticed Edmund
 10314 | D:8      | Killed Edmund
 10314 | D:8      | Reached XP level 10. HP: 51/51 MP: 0/25
 10878 | D:8      | Reached skill level 10 in Earth Magic
 11366 | D:8      | Learned a level 2 spell: Swiftness
 11637 | D:8      | Acquired Sif Muna's first power
 12606 | D:9      | Reached skill level 1 in Charms
 12837 | D:9      | Reached skill level 1 in Invocations
 12943 | D:9      | Identified a scroll of acquirement
 13077 | D:9      | Identified a +1 rod of ignition (12/12) (You acquired it on level 9 of the Dungeon)
 13078 | D:9      | Paralysed by a potion of paralysis for 3 turns
 13518 | D:9      | Acquired Sif Muna's second power
 13518 | D:9      | Reached skill level 5 in Stealth
 13741 | D:10     | Entered Level 10 of the Dungeon
 14421 | D:10     | Reached XP level 11. HP: 43/55 MP: 18/27
 14437 | D:10     | Reached skill level 11 in Earth Magic
 15193 | D:10     | Noticed a hill giant
 15203 | D:10     | Killed a hill giant
 15804 | D:11     | Found a staircase to the Lair.
 15952 | Lair:1   | Entered Level 1 of the Lair of Beasts
 16481 | Lair:1   | Reached skill level 5 in Conjurations
 18631 | Lair:2   | Acquired Sif Muna's third power
 18854 | Lair:3   | Reached skill level 5 in Transmutations
 19198 | Lair:3   | Reached XP level 12. HP: 43/60 MP: 27/29
 19220 | Lair:3   | Reached skill level 12 in Earth Magic
 19377 | Lair:2   | Learned a level 4 spell: Cause Fear
 20315 | Lair:3   | Reached skill level 5 in Invocations
 20821 | Lair:4   | Found a dark tunnel.
 20841 | Volcano  | Entered a volcano
 22775 | Lair:4   | Reached skill level 1 in Armour
 22956 | Lair:5   | Received a gift from Sif Muna
 22956 | Lair:5   | Reached skill level 1 in Fighting
 22956 | Lair:5   | Reached skill level 10 in Spellcasting
 22956 | Lair:5   | Reached skill level 5 in Charms
 22956 | Lair:5   | Reached XP level 13. HP: 63/66 MP: 31/31
 22959 | Lair:5   | Identified Sif Muna's Tome of Moulding and Earth (Sif Muna gifted it to you on level 5 of the Lair of Beasts)
 22967 | Lair:5   | Learned a level 4 spell: Leda's Liquefaction
 23260 | Lair:5   | Found a staircase to the Snake Pit.
 23282 | Snake:1  | Entered Level 1 of the Snake Pit
 23446 | Snake:1  | Gained mutation: Your wings are large and strong. [gargoyle growth]
 23446 | Snake:1  | Reached XP level 14. HP: 71/71 MP: 17/32
 23611 | Snake:1  | Reached skill level 5 in Hexes
 24192 | Snake:1  | Reached skill level 13 in Earth Magic
 25082 | Snake:2  | Received a gift from Sif Muna
 25291 | Snake:2  | Identified Sif Muna's Grimoire of Stones (Sif Muna gifted it to you on level 2 of the Snake Pit)
 25609 | Snake:2  | Found Kamnef's Magic Scroll Boutique.
 25906 | Snake:3  | Slain by a naga

Action                   |  1- 3 |  4- 6 |  7- 9 | 10-12 | 13-15 || total
-------------------------+-------+-------+-------+-------+-------++-------
Melee: Unarmed           |    59 |       |       |       |       ||    59
       Spear             |    20 |    41 |    62 |       |       ||   123
       Staff             |       |       |    72 |   248 |     3 ||   323
Throw: Dart              |       |       |     2 |    12 |       ||    14
 Cast: Sandblast         |    73 |   101 |   286 |   151 |     4 ||   615
       Stoneskin         |       |     2 |     7 |     4 |       ||    13
       Stone Arrow       |       |     1 |   122 |   567 |   179 ||   869
       Petrify           |       |       |     1 |     2 |       ||     3
       Lee's Rapid Decon |       |       |     1 |       |       ||     1
       Passwall          |       |       |       |     1 |       ||     1
       Confuse           |       |       |       |     2 |       ||     2
Invok: Channel Energy    |       |       |       |    14 |     6 ||    20
  Use: Scroll            |     4 |     3 |    12 |    25 |     5 ||    49
       Potion            |       |       |     2 |     7 |     3 ||    12
 Stab: Sleeping          |     2 |     2 |     4 |     7 |     1 ||    16
       Distracted        |       |     1 |       |       |       ||     1
